 Dungeon Crawl Stone Soup version 0.26-a0-812-g31a745ddcd (webtiles) character file.

Game seed: 7230718232205137717

38 kae the Poker (level 3, -8/28 HPs)
             Began as a Merfolk Gladiator on Nov 25, 2020.
             Mangled by Sigmund
             ... wielding a +0 scythe
              (9 damage)
             ... on level 2 of the Dungeon.
             The game lasted 00:00:35 (1210 turns).

kae the Poker (Merfolk Gladiator)                   Turns: 1210, Time: 00:00:35

Health: -8/28      AC:  4    Str: 15    XL:     3   Next: 43%
Magic:  3/3        EV: 14    Int:  7    God:
Gold:   67         SH:  0    Dex: 15    Spells: 2/2 levels left

rFire    . . .     SeeInvis .   a - +0 trident
rCold    . . .     Faith    .   (no shield)
rNeg     . . .     Spirit   .   b - +0 leather armour
rPois    .         Reflect  .   c - +0 helmet
rElec    .         Harm     .   (no cloak)
rCorr    .         Rampage  .   (no gloves)
MR       .....                  (no boots)
Stlth    +.........             (no amulet)
HPRegen  0.09/turn              (no ring)
MPRegen  0.08/turn              (no ring)

@: attractive, hasted, very quick
A: change form in water, swift swim, stealthy swim
a: no special abilities


You were on level 2 of the Dungeon.
You visited 1 branch of the dungeon, and saw 2 of its levels.

You collected 67 gold pieces.

Inventory:

Hand Weapons
 a - a +0 trident (weapon)
Missiles
 d - 3 throwing nets (quivered)
Armour
 b - a +0 leather armour (worn)
 c - a +0 helmet (worn)
Scrolls
 i - 2 scrolls of identify {unknown}
 j - a scroll of fear {unknown}
 l - a scroll of remove curse {unknown}
 m - a scroll of teleportation {unknown}
 n - a scroll of random uselessness {unknown}
Potions
 h - a potion of curing {unknown}
 k - a potion of cancellation {unknown}


   Skills:
 + Level 2.6 Fighting
 * Level 5.3 Polearms
 + Level 2.4 Throwing
 + Level 4.4 Dodging


You had 2 spell levels left.
You didn't know any spells.
Your spell library was empty.

Dungeon Overview and Level Annotations

Branches:
Dungeon (2/15)

Altars:

Annotations:
D:2 Sigmund


Message History

You feel less invigorated.
You feel less confused. The leopard gecko misses you.
Sigmund hits you with a +0 scythe!
* * * LOW HITPOINT WARNING * * *
You barely miss Sigmund.
Sigmund is severely wounded.
The leopard gecko misses you.
You hit Sigmund.
Sigmund is severely wounded.
The leopard gecko misses you.
Sigmund gestures wildly while chanting.
Sigmund flickers and vanishes!
Deactivating autopickup; reactivate with Ctrl-A.
The leopard gecko bites you but does no damage.
You hit something but do no damage. Something hits you.
* * * LOW HITPOINT WARNING * * *
The leopard gecko closely misses you.
It was a potion of haste.
You feel yourself speed up. The leopard gecko misses you. Something hits you!
You die...

## ... ########## ..#
#........# ...#
#........# ###..#
#........####@{.####
#.............l......
#........##........##
#..............?...#
#..........##.######
###........##.#
##..)........
#.......###.##
#.......# .#


You could see a leopard gecko.

Vanquished Creatures
  2 dart slugs
  4 bats
  3 giant cockroaches
  5 goblins
  5 hobgoblins
  3 jackals (D:1)
  A frilled lizard (D:1)
  2 kobolds
  4 rats (D:1)
29 creatures vanquished.

Vanquished Creatures (others)
  4 plants (D:1)
4 creatures vanquished.

Grand Total: 33 creatures vanquished

Notes
Turn   | Place    | Note
-------+----------+-------------------------------------------
     0 | D:1      | kae the Merfolk Gladiator began the quest for the Orb.
     0 | D:1      | Reached XP level 1. HP: 16/16 MP: 1/1
   175 | D:1      | Reached XP level 2. HP: 20/23 MP: 2/2
   586 | D:1      | Reached skill level 5 in Polearms
   836 | D:1      | Reached XP level 3. HP: 28/28 MP: 3/3
  1185 | D:2      | Noticed Sigmund
  1209 | D:2      | HP: 1/28 [something (5)]
  1210 | D:2      | Mangled by Sigmund

Illustrated notes

Levels and vault maps discovered:
D:1:      minmay_arrival_four_circles, layout_loops_ring, serial_forest,
          infiniplex_forest_lined_corner, infiniplex_forest_clump_medium,
          infiniplex_forest_side_room, infiniplex_forest_clump_small,
          chequers_serial_rivers_room_b
D:2:      cheibrodos_fertilizer, layout_rooms, minmay_misc_feat_enclosed,
          minmay_pentomino_q2, uniq_sigmund

Skill      XL: |  1  2 |
---------------+-------+-----
Polearms       | 5 |  5.3
Fighting       | |  2.6
Throwing       | |  2.4
Dodging        | |  4.4

Action                   || total
-------------------------++-------
Melee: Trident           ||   104
  Use: Potion            ||     3
 Stab: Sleeping          ||     4
Armor: Leather armour    ||    10
Dodge: Dodged            ||    59

Table legend: (Time is in decaauts)
 A = Elapsed time spent in this place.
 B = Non-inter-level travel time spent in this place.
 C = Inter-level travel time spent in this place.
 D = Time resting spent in this place.
 E = Time spent auto-exploring this place.
 F = Levels seen in this place.
 G = Mean time per level.
                   A        B        C        D        E       F      G
               +--------+--------+--------+--------+--------+-----+--------+
         Total |   1212 |   1175 |     37 |      0 |    991 |   2 |  606.0 |
       Dungeon |   1212 |   1175 |     37 |      0 |    991 |   2 |  606.0 |
               +--------+--------+--------+--------+--------+-----+--------+

Top non-repeatable levels by time:
     D:1: 1146 daAuts
     D:2: 65 daAuts
